 Dungeon Crawl Stone Soup version 0.30.0-19-g36f170ea60 (webtiles) character file.

Game seed: 10534453798907793509

201 PaiMei the Chiller (level 5, -8/38 (39) HPs)
             Began as a Merfolk Ice Elementalist on May 30, 2023.
             Killed by nerve-wracking pain
             ... invoked by an orc priest
              (13 damage)
             ... on level 4 of the Dungeon.
             The game lasted 00:10:56 (3142 turns).

PaiMei the Chiller (Merfolk Ice Elementalist)       Turns: 3142, Time: 00:10:57

HP:   -8/38 (39)    AC:  4    Str:  9    XL:     5   Next: 79%
MP:   1/9           EV: 13    Int: 16    God:
Gold: 265           SH:  0    Dex: 14    Spells: 6/10 levels left

rFire   . . .        A - +0 hand axe
rCold   . . .        (no shield)
rNeg    . . .        w - +0 animal skin
rPois   .            u - +0 helmet
rElec   .            (no cloak)
rCorr   .            (no gloves)
SInv    .            n - +0 pair of boots
Will    .....        (no amulet)
Stlth   ++           (no ring)
HPRegen 0.26/turn    (no ring)
MPRegen 0.11/turn

%: no passive effects
@: freezing walls, lightly drained
A: (nimble swimmer 2), mertail
a: no special abilities


You were on level 4 of the Dungeon.
You visited 1 branch of the dungeon, and saw 4 of its levels.

You collected 265 gold pieces.

Inventory:

Hand Weapons
 a - a +0 dagger
 b - a +0 sling
 A - a +0 hand axe (weapon)
Missiles
 c - 64 stones
Armour
 i - a +0 robe
 n - a +0 pair of boots (worn)
 p - a +0 leather armour
 u - a +0 helmet (worn)
 w - a +0 animal skin (worn)
Magical Staves
 z - a staff of conjuration
Scrolls
 e - a scroll of fog {unknown}
 f - 3 scrolls of fear {unknown}
 j - a scroll of enchant armour {unknown}
 k - a scroll of blinking {unknown}
 q - a scroll of poison {unknown}
 r - 3 scrolls of identify {unknown}
 v - a scroll of immolation {unknown}
 x - a scroll of vulnerability {unknown}
 y - a scroll of amnesia {unknown}
Potions
 d - a potion of magic
 g - a potion of cancellation {unknown}
 h - 6 potions of curing
 l - a potion of brilliance {unknown}
 m - 2 potions of lignification {unknown}
 o - 4 potions of ambrosia {unknown}
 s - 2 potions of degeneration {unknown}
 t - a potion of heal wounds {unknown}


   Skills:
 + Level 2.4 Fighting
 + Level 4.4 Dodging
 - Level 2.4 Stealth
 + Level 3.1 Spellcasting
 + Level 5.3 Ice Magic


You had 6 spell levels left.
You knew the following spells:

 Your Spells              Type           Power      Damage    Failure   Level
a - Freeze                Ice            76%        1d8       1%          1
b - Frozen Ramparts       Ice            38%        1d6       6%          3

Your spell library contained the following spells:

 Spells                   Type           Power      Damage    Failure   Level
 Ozocubu's Armour         Ice            19%        N/A       6%          3
 Hailstorm                Conj/Ice       11%        3d5       19%         3
 Summon Ice Beast         Ice/Summ       11%        N/A       52%         4
 Alistair's Intoxication  Tmut/Pois      1%         N/A       99%         5
 Irradiate                Conj/Tmut      1%         3d12      99%         5


Dungeon Overview and Level Annotations

Branches:
Dungeon (4/15)
 Temple: D:4-7

Altars:

Annotations:
D:4 Dowan, Duvessa


Innate Abilities, Weirdness & Mutations

((You are very nimble when in or above water. (Stealth+, EV+, Speed+++)))
Your lower body shifts to a powerful aquatic tail in water.


Message History

The jackal splashes around in the water. x2
The ball python bites you.
* * * LOW HITPOINT WARNING * * *
The ball python misses you.
The jackal bites you but does no damage.
The jackal bites you.
* * * LOW HITPOINT WARNING * * *
You hit the jackal.
You kill the jackal!
You hit the ball python. You hit Duvessa but do no damage. You hit the jackal.
You kill the jackal!
Duvessa hits you with a +0 short sword of draining.
* * * LOW HITPOINT WARNING * * *
You feel drained.
* * * LOW HITPOINT WARNING * * *
A gnoll comes into view. It is wielding a +0 spear.
The ball python barely misses you. x2; Duvessa closely misses you.
An orc comes into view. It is wielding a +0 whip.
The ball python barely misses you. x2; The gnoll moves out of view.
Casting: Freeze (safe; 1% risk of failure)
Confirm with . or Enter, or press ? or * to list all spells.
Casting: Frozen Ramparts (dangerous; 6% risk of failure)
Press: ? - help, Dir - look around, f - activate The walls around you are covered in ice.
The wall freezes the lemure but does no damage.
The wall freezes the dart slug.
The wall freezes the giant cockroach.
The ball python barely misses you. The ball python closely misses you.
The orc priest begins to cast a cantrip, but forgets the words!
The wall freezes Duvessa but does no damage.
Duvessa barely misses you.
You hit Duvessa.
Duvessa is moderately wounded.
You hit the ball python.
You hit the orc priest but do no damage.
The wall freezes the lemure.
The wall freezes the giant cockroach but does no damage.
The ball python closely misses you. The ball python barely misses you.
The orc priest calls down the wrath of Beogh upon you.
Pain shoots through your body!
You die...

' #..
##########'''w##########
............oB5e@.......
~~~~~~~w~~...o≈o†S~~~≈~~
≈~≈≈≈≈≈≈≈~....J≈≈≈≈≈≈≈~≈
≈≈≈~~B~~~~....~≈e~~~~≈≈≈
.B......................
........................
..##...................?
..##.####.#.##....#.#.#.
..##.# .#....#


You could see Duvessa, a lemure, Dowan, 2 orc priests, a dart slug, an orc, an
endoplasm, a giant cockroach and a ball python.

Vanquished Creatures
  An orc priest (D:4)
  Jessica (D:3)
  Robin (D:3)
  2 gnolls (D:4)
  2 adders
  A worm (D:2)
  7 orcs
  3 bats
  6 endoplasms
  6 giant cockroaches
  14 goblins
  9 hobgoblins
  4 jackals (D:4)
  3 quokkas
  7 ball pythons
  3 frilled lizards
  10 kobolds
  6 rats
86 creatures vanquished.

Notes
Turn   | Place    | Note
-------+----------+-------------------------------------------
     0 | D:1      | PaiMei the Merfolk Ice Elementalist began the quest for the
                  | Orb.
     0 | D:1      | Reached XP level 1. HP: 13/13 MP: 3/3
   247 | D:1      | Reached XP level 2. HP: 19/19 MP: 3/5
  1109 | D:2      | Got the Grimoire of Reconstruction
  1200 | D:2      | Reached XP level 3. HP: 14/25 MP: 3/6
  1279 | D:2      | Reached skill level 1 in Fighting
  1753 | D:3      | Noticed Robin
  1769 | D:2      | Learned a level 3 spell: Frozen Ramparts
  1932 | D:3      | Reached XP level 4. HP: 32/32 MP: 3/7
  2170 | D:3      | Noticed Jessica
  2181 | D:3      | Killed Robin
  2182 | D:3      | Killed Jessica
  2183 | D:3      | Reached skill level 5 in Ice Magic
  2369 | D:3      | Reached XP level 5. HP: 36/38 MP: 6/9
  3020 | D:4      | Noticed a black bear
  3068 | D:4      | Noticed a lemure
  3068 | D:4      | Noticed a lemure
  3069 | D:4      | Noticed Duvessa
  3069 | D:4      | Noticed Dowan
  3142 | D:4      | Killed from afar by an orc priest

Illustrated notes

Levels and vault maps discovered:
D:1:      spicycebolla_arrival_clurvy, layout_basic, minmay_splitting_lines,
          minmay_pentomino_z4
D:2:      layout_rooms, minmay_cupped
D:3:      layout_rooms, corexii_item_surrounded_by_moat, uniq_robin,
          uniq_jessica
D:4:      lemuel_castle_with_subvaults [lemuel_castle_interior_carwin_1],
          layout_basic, zin_statuary, minmay_temple_entry_ruins, st_stairs_7,
          lightli_corner_chamber, uniq_pikel, uniq_duvessa

Skill      XL: |  1  2  3  4  5 |
---------------+----------------+-----
Dodging        | 3 4 |  4.4
Fighting       | 1 2 |  2.4
Ice Magic      | 5 |  5.3
Spellcasting   | 3 |  3.1
Stealth        | |  2.4

Action                     |  1- 3 |  4- 6 || total
---------------------------+-------+-------++-------
  Melee: Unarmed           |    10 |       ||    10
         Dagger            |    50 |    38 ||    88
         Punch             |     1 |     1 ||     2
         Hand axe          |       |    16 ||    16
   Cast: Freeze            |    49 |    29 ||    78
         Frozen Ramparts   |     1 |     4 ||     5
   Stab: Sleeping          |     2 |     2 ||     4
 Armour: Robe              |    19 |     7 ||    26
         Animal skin       |       |    14 ||    14
  Dodge: Dodged            |    63 |    76 ||   139
